 Dungeon Crawl Stone Soup version 0.20-a0-709-gd40821f (webtiles) character file.

93 Alarkh the Caller (level 4, 25/30 HPs)
             Began as a Mummy Summoner on Feb 21, 2017.
             Quit the game on level 2 of the Dungeon.
             The game lasted 00:03:40 (1864 turns).

Alarkh the Caller (Mummy Summoner)                  Turns: 1864, Time: 00:03:41

Health: 25/30      AC:  7    Str: 11    XL:     4   Next: 36%
Magic:  8/9        EV: 12    Int: 15    God:
Gold:   81         SH:  0    Dex: 12    Spells: 3/10 levels left

rFire    x . .     SeeInvis .   a - +4 dagger
rCold    + . .     Gourm    .   k - +2 leather armour {rN+}
rNeg     + + +     Faith    .   (no shield)
rPois    ∞         Spirit   .   (no helmet)
rElec    .         Reflect  .   g - +1 cloak
rCorr    .         Harm     .   (no gloves)
MR       .....                  (no boots)
Stlth    ++........             (no amulet)
Regen    0.1/turn               (no ring)
MPRegen  0.2/turn               (no ring)

@: no status effects
A: no food or potions, fire vulnerability, cold resistance 1, negative energy
resistance 3, torment resistance, unbreathing
a: no special abilities


You were on level 2 of the Dungeon.
You were not hungry.

You visited 1 branch of the dungeon, and saw 3 of its levels.

You collected 81 gold pieces.

Inventory:

Hand Weapons
 a - a +4 dagger (weapon)
 c - a +0 dagger
Armour
 g - a +1 cloak (worn)
 j - a +0 robe
 k - a +2 leather armour of positive energy (worn)
Scrolls
 d - 3 scrolls of noise
 e - a scroll of recharging {unknown}
 f - 2 scrolls of teleportation
 h - a scroll of magic mapping {unknown}
 i - a scroll of remove curse {unknown}
Books
 b - a book of Callings

   Spells                             Type                      Level
   a - Summon Small Mammal            Summoning                    1
   b - Call Imp                       Summoning                    2
   c - Call Canine Familiar           Summoning                    3
   d - Summon Guardian Golem          Hexes/Summoning              3
   e - Summon Lightning Spire         Summoning/Air                4
   f - Summon Ice Beast               Ice/Summoning                4


   Skills:
 + Level 0.2 Fighting
 + Level 0.7 Short Blades
 + Level 0.1 Armour
 + Level 2.0 Dodging
 + Level 1.8 Stealth
 + Level 3.7 Spellcasting
 + Level 0.1 Hexes
 + Level 3.9 Summonings


You had 3 spell levels left.
You knew the following spells:

 Your Spells              Type           Power        Failure   Level  Hunger
a - Call Canine Familiar  Summ           ##......     17%         3    N/A
b - Summon Small Mammal   Summ           ##..         6%          1    N/A
c - Summon Guardian Gole  Hex/Summ       #.......     30%         3    N/A

Dungeon Overview and Level Annotations

Branches:
Dungeon (3/15)

Altars:


Innate Abilities, Weirdness & Mutations

You do not eat or drink.
Your flesh is vulnerable to fire.
You are immune to poison.
Your flesh is cold resistant. (rC+)
You are immune to negative energy. (rN+++)
You are immune to unholy pain and torment.
You can survive without breathing.


Message History

Your hound barely misses the orc wizard.
Your hound bites the orc wizard but does no damage.
The orc wizard casts a spell.
The orc wizard flickers and vanishes!
Deactivating autopickup; reactivate with Ctrl-A.
Your hound closely misses something.
Something barely misses your hound.
Your hound closely misses something.
Your hound bites something.
Reactivating autopickup.
Your Dodging skill increases to level 2!
You feel a bit more experienced.
You swap places.
There is a stone staircase leading down here.
Things that are here:
a dagger; a robe; an orc corpse You swap places.
There is a stone staircase leading down here.
Things that are here:
a dagger; a robe; an orc corpse Are you sure you want to abandon this character and quit the game? (Confirm with "yes".)

#.##.## #..###....#
#.#
#.#...####......#..#
#######.###
#.##........###..!##
#.........#
#.#####.##### ##.##
#.#######.#
#.#####.# #.# #.#
#.# #...†...# #.#
###.# #.. #######.#
#.# ##.#.# #.. #.#
#.# #....# ### #.#
#@# ##.##########
#######.# #h#
#..........#
........# #.#
#.########.#
...####[# #.# #.#
#.# ........# #.#
#.# #.# ...######
#!# #.# #.# ...# #.#
#.########.# ...#
#.# ##.<.....##.##
##.# #>#
#.............


You could see a friendly hound.

Vanquished Creatures
  An adder (D:2)
  An orc (D:3)
  A bat (D:1)
  4 giant cockroaches
  2 hobgoblins
  2 kobolds (D:1)
  A quokka (D:2)
  A frilled lizard (D:2)
  3 rats
16 creatures vanquished.

Vanquished Creatures (collateral kills)
  An orc wizard (D:2)
  Terence (D:2)
  Ijyb (D:2)
  2 worms (D:2)
  A dart slug (D:2)
  2 leopard geckos
  A goblin (D:1)
  3 hobgoblins (D:1)
  2 jackals (D:1)
  A ball python (D:2)
  2 bats (D:1)
  2 kobolds (D:1)
  4 rats
23 creatures vanquished.

Grand Total: 39 creatures vanquished

Notes
Turn   | Place    | Note
-------+----------+-------------------------------------------
     0 | D:1      | Alarkh the Mummy Summoner began the quest for the Orb.
     0 | D:1      | Reached XP level 1. HP: 13/13 MP: 4/4
   414 | D:1      | Reached XP level 2. HP: 16/19 MP: 1/5
   927 | D:2      | Noticed Ijyb
   973 | D:2      | Killed Ijyb
   973 | D:2      | Reached XP level 3. HP: 16/24 MP: 2/7
   978 | D:2      | Learned a level 3 spell: Call Canine Familiar
  1066 | D:2      | Learned a level 3 spell: Summon Guardian Golem
  1087 | D:2      | Noticed Terence
  1114 | D:2      | Killed Terence
  1643 | D:2      | Reached XP level 4. HP: 30/30 MP: 5/9
  1864 | D:2      | Quit the game

Vault maps used:
D:1:      co_arrival_square_in_a_square_in_a_square
D:2:      uniq_iyjb, uniq_terence
D:3:      fedhas_altar_2, lemuel_doored_altar

Skill      XL: |  1  2  3  4 |
---------------+-------------+-----
Spellcasting   | 3 |  3.7
Dodging        | 2 |  2.0
Fighting       | |  0.2
Short Blades   | |  0.7
Armour         | |  0.1
Stealth        | |  1.8
Hexes          | |  0.1
Summonings     | |  3.9

Action                   |  1- 3 |  4- 6 || total
-------------------------+-------+-------++-------
Melee: Dagger            |    98 |     4 ||   102
       Unarmed           |     4 |       ||     4
 Cast: Summon Small Mamm |    42 |       ||    42
       Call Canine Famil |     6 |     1 ||     7
       Summon Guardian G |     1 |       ||     1
  Use: Scroll            |     2 |       ||     2
 Stab: Distracted        |     1 |       ||     1
       Sleeping          |     1 |     1 ||     2
Armor: Robe              |    42 |       ||    42
       Leather armour    |       |     3 ||     3
Dodge: Dodged            |    92 |     3 ||    95
